 Dungeon Crawl Stone Soup version 0.29.1-13-g9f3cf754e1 (webtiles) character file.

Game seed: 1859871251207633619

895 hawla the Chiller (level 8, -8/47 (59) HPs)
             Began as a Meteoran Ice Elementalist on Jan 22, 2023.
             Mangled by a wight
             ... wielding a +4 mace
              (10 damage)
             ... on level 6 of the Dungeon.
             The game lasted 00:07:09 (1856 turns).

hawla the Chiller (Meteoran Ice Elementalist)       Turns: 1856, Time: 00:07:10

HP:   -8/47 (59)    AC: 11    Str:  9    XL:     8   Next: 52%
MP:   17/17         EV: 13    Int: 19    God:
Gold: 172           SH:  0    Dex: 15    Spells: 10/18 levels left

rFire   . . .      SeeInvis .   o - +1 long sword
rCold   . . .      Faith    .   (no shield)
rNeg    . . .      Spirit   .   k - +2 robe {Will+}
rPois   .          Reflect  .   a - +2 helmet
rElec   .          Harm     .   (no cloak)
rCorr   +          Rampage  .   (no gloves)
Will    ++...                   (no boots)
Stlth   +.........              (no amulet)
HPRegen 0.15/turn               e - +4 ring of protection
MPRegen 0.15/turn               l - ring of resist corrosion

@: glowing, heavily drained
A: sense surroundings 1, otherworldly, glowing, explore regen
a: no special abilities


You were on level 6 of the Dungeon.
You visited 1 branch of the dungeon, and saw 6 of its levels.

You collected 172 gold pieces.

Inventory:

Hand Weapons
 o - a +1 long sword (weapon)
Armour
 a - a +2 helmet (worn)
 k - a +2 robe of willpower (worn)
Jewellery
 e - a +4 ring of protection (left hand)
 l - a ring of resist corrosion (right hand)
Wands
 d - a wand of paralysis (11)
Scrolls
 b - 2 scrolls of identify
 h - a scroll of fear
 i - a scroll of acquirement {unknown}
 j - a scroll of silence {unknown}
 m - a scroll of noise {unknown}
 q - a scroll of teleportation {unknown}
 r - a scroll of amnesia {unknown}
Potions
 c - 3 potions of curing {unknown}
 g - a potion of mutation {unknown}
 n - a potion of might {unknown}
 p - 2 potions of degeneration {unknown}


   Skills:
 + Level 1.0 Fighting
 + Level 1.6 Long Blades
 + Level 3.2 Dodging
 - Level 1.4 Stealth
 + Level 5.6 Spellcasting
 + Level 6.2 Conjurations
 + Level 7.0 Ice Magic


You had 10 spell levels left.
You knew the following spells:

 Your Spells              Type           Power      Damage    Failure   Level
a - Freeze                Ice            100%       1d11      1%          1
b - Frozen Ramparts       Ice            64%        1d10      1%          3
c - Hailstorm             Conj/Ice       30%        3d8       8%          4

Your spell library contained the following spells:

 Spells                   Type           Power      Damage    Failure   Level
 Ozocubu's Armour         Ice            32%        N/A       1%          3
 Conjure Flame            Conj/Fire      17%        6-21      10%         3
 Sticky Flame             Conj/Fire      17%        2d4       32%         4
 Gell's Gravitas          Tloc           5%         N/A       34%         3
 Ignite Poison            Fire/Tmut/Pois 5%         N/A       34%         3
 Lesser Beckoning         Tloc           5%         N/A       34%         3
 Teleport Other           Tloc           5%         N/A       34%         3
 Dispersal                Tloc           2%         N/A       100%        6


Dungeon Overview and Level Annotations

Branches:
Dungeon (6/15) Zot: 1718
 Temple: D:4-7

Altars:
Makhleb

Shops:
D:5 *:


Innate Abilities, Weirdness & Mutations

You passively map a small area around you.
You are easily found by Zot.
You glow in the dark.
You regain HP and MP as you explore.


Message History

* * * LOW HITPOINT WARNING * * *
You feel drained.
* * * LOW HITPOINT WARNING * * *
The wight completely resists.
The wall freezes the wight but does no damage.
The wight hits you with a +4 mace!
* * * LOW HITPOINT WARNING * * *
The wight resists.
The wall freezes the wight.
The wight hits you but does no damage.
You feel much better.
The wight completely resists.
The wall freezes the wight but does no damage.
The wight closely misses you.
The wight resists.
The wall freezes the wight.
The wight hits you with a +4 mace.
You feel drained.
The wall freezes the wight but does no damage.
The wight hits you from afar with a +1 trident.
You aren't carrying any items that you can evoke.
Unknown command.
Your frozen ramparts will break if you move.
Continue?
The frozen ramparts melt away as you move.
Found 12 gold pieces.
The wight hits you with a +3 flail.
* * * LOW HITPOINT WARNING * * *
You feel drained.
* * * LOW HITPOINT WARNING * * *
The wight attacks as you move away! The wight barely misses you.
The wight attacks as you move away! The wight hits you but does no damage.
A wight comes into view. It is wielding a +0 dire flail.
You see here a wand of paralysis (12).
You aren't carrying any items that you can evoke.
d - a wand of paralysis (12)
The wight closely misses you.
Aiming: Paralyse
Press: ? - help, Shift-Dir - straight line, f - wight
Aim: a wight, wielding a +3 flail and wearing a +0 robe (heavily damaged, chance to affect: 49%)
The wight resists with some effort.
The wight barely misses you. The wight hits you but does no damage.
The wight hits you with a +3 flail!
* * * LOW HITPOINT WARNING * * *
You feel drained. The wight attacks as you move away!
The wight hits you with a +4 mace!
You die...

.#.#....).# #.###*
.. .#.#......#
#.####..# .#....##.#
#....#.# , ,
.........# #.##...#
.......#.# #.#....#
* .......#.# #...#
## *
.........#######zz##
* * ,
#....#..........zz#
#........######.@.#
, #######.## ##..# *
#.†.# ##.$#** ,
#...# #... #...#
*.... ,* , #...#
*##..# , #...# #..#
* #...# #.#
######...###### , ,


You could see 4 wights.

Vanquished Creatures
  A black bear (D:5)
  A phantom (D:5)
  Blork the orc (D:5)
  A bullfrog (D:6)
  A necrophage (D:5)
  3 scorpions (D:5)
  3 hounds
  An iron imp (D:5)
  2 iguanas
  2 orc wizards (D:6)
  7 gnolls
  4 adders
  An ufetubus (D:4)
  2 worms
  8 orcs
  6 endoplasms
  A goblin (D:1)
  2 hobgoblins (D:4)
  3 quokkas
  A ball python (D:1)
  A bat (D:1)
52 creatures vanquished.

Notes
Turn   | Place    | Note
-------+----------+-------------------------------------------
     0 | D:1      | hawla the Meteoran Ice Elementalist began the quest for the
                  | Orb.
     0 | D:1      | Reached XP level 1. HP: 14/14 MP: 5/5
   132 | D:2      | Reached XP level 2. HP: 11/20 MP: 2/6
   159 | D:3      | Reached skill level 5 in Ice Magic
   159 | D:3      | Reached XP level 3. HP: 18/26 MP: 0/8
   165 | D:3      | Learned a level 3 spell: Frozen Ramparts
   306 | D:4      | Reached XP level 4. HP: 33/33 MP: 4/10
   485 | D:4      | Reached XP level 5. HP: 24/38 MP: 5/12
   782 | D:5      | Entered Level 5 of the Dungeon
   826 | D:5      | Noticed a necrophage
   839 | D:5      | Killed a necrophage
   840 | D:5      | Reached skill level 6 in Ice Magic
   845 | D:5      | Learned a level 4 spell: Hailstorm
   859 | D:5      | Reached XP level 6. HP: 45/45 MP: 10/13
   888 | D:5      | Reached skill level 1 in Conjurations
   898 | D:5      | Found Ivuig's Book Boutique.
  1010 | D:5      | Noticed Blork the orc
  1015 | D:5      | Killed Blork the orc
  1016 | D:5      | Reached XP level 7. HP: 10/50 MP: 1/14
  1021 | D:5      | Reached skill level 5 in Conjurations
  1078 | D:5      | Found Raatwuso's Assorted Antiques.
  1101 | D:5      | Found a burning altar of Makhleb.
  1238 | D:5      | Reached XP level 8. HP: 58/58 MP: 11/16
  1261 | D:5      | Reached skill level 1 in Long Blades
  1261 | D:5      | Reached skill level 5 in Spellcasting
  1753 | D:6      | Reached skill level 1 in Fighting
  1835 | D:6      | Reached skill level 7 in Ice Magic
  1855 | D:6      | HP: 2/49 [wight/+3 flail (11)]
  1856 | D:6      | Mangled by a wight

Illustrated notes

Levels and vault maps discovered:
D:1:      saegor_arrival_simple_a, layout_basic
D:2:      layout_loops_ring
D:3:      layout_rooms, tso_metal_star, gammafunk_ghost_gnarly_gnolls,
          chequers_ecumenical_altar_simple, uniq_terence
D:4:      layout_cave_pools, serial_rivers, chequers_serial_rivers_small_3,
          chequers_serial_rivers_small_a, chequers_serial_rivers_small_3,
          chequers_serial_rivers_large_a
D:5:      layout_loops_cross, makhleb_grotto_becter, serial_shops, shop,
          nicolae_square_shop, nicolae_concentric_dashed_squares_wild,
          minmay_liquid_box, uniq_blork_the_orc
D:6:      layout_loops_cross, minmay_joined_circles

Skill      XL: |  1  2  3  4  5  6  7  8 |
---------------+-------------------------+-----
Spellcasting   | 3 4 5 |  5.6
Ice Magic      | 5 6 7 |  7.0
Conjurations   | 4 6 |  6.2
Dodging        | 3 |  3.2
Long Blades    | 1 |  1.6
Fighting       | 1 |  1.0
Stealth        | |  1.4

Action                   |  1- 3 |  4- 6 |  7- 9 || total
-------------------------+-------+-------+-------++-------
Melee: Unarmed           |     4 |       |       ||     4
       Long sword        |       |    12 |    24 ||    36
 Cast: Freeze            |    22 |    13 |     9 ||    44
       Frozen Ramparts   |     4 |    10 |    11 ||    25
       Hailstorm         |       |     2 |     6 ||     8
Evoke: Wand              |       |       |     1 ||     1
  Use: Potion            |       |     2 |     2 ||     4
       Scroll            |       |     6 |     1 ||     7
Armor: Robe              |     6 |     7 |    21 ||    34
Dodge: Dodged            |     8 |    15 |    29 ||    52
